 Dungeon Crawl Stone Soup version 0.25-a0-631-gc915619 (webtiles) character file.

Game seed: 11167580713023277046, levelgen mode: deterministic

6036 Charmandara the Frost Mage (level 10, -34/73 (74) HPs)
             Began as a Gnoll Ice Elementalist on Mar 19, 2020.
             Was an Elder of Makhleb.
             Annihilated by an enormous slime creature (74 damage)
             ... on level 8 of the Dungeon.
             The game lasted 00:27:05 (8212 turns).

Charmandara the Frost Mage (Gnoll Ice Elementalist) Turns: 8212, Time: 00:27:06

HP:   -34/73 (74)   AC:  8    Str:  8 (11) XL:     10   Next: 86%
MP:   3/30          EV: 15    Int: 18 (20) God:    Makhleb [****..]
Gold: 424           SH:  5    Dex: 14 (16) Spells: 8/24 levels left

rFire    . . .     SeeInvis .   a - +3 dagger (venom)
rCold    + + .     Gourm    .   K - +0 buckler
rNeg     . . .     Faith    .   V - +0 troll leather armour {Purgy}
rPois    .         Spirit   .   v - +1 helmet
rElec    .         Reflect  .   S - scarf {rC+ rF+}
rCorr    .         Harm     .   L - +0 pair of gloves
MR       .....                  (no boots)
Stlth    +++.......             e - amulet of magic regeneration
HPRegen  0.62/turn              d - ring of ice {rC+, rF-}
MPRegen  0.47/turn              M - ring of magical power {MP+9}

@: lethally poisoned (-34 -> -35), frozen ramparts
A: distributed training, fangs 1, strong nose
a: Minor Destruction, Lesser Servant of Makhleb, Major Destruction, Renounce
Religion


You were on level 8 of the Dungeon.
You worshipped Makhleb.
Makhleb was greatly pleased with you.
You were near starving.

You visited 2 branches of the dungeon, and saw 10 of its levels.
You also visited: Sewer and Ossuary.

You collected 615 gold pieces.
You spent 191 gold pieces at shops.

Inventory:

Hand Weapons
 a - a +3 dagger of venom (weapon)
   (You took it off an orc priest on level 5 of the Dungeon)
 b - a +1 hunting sling of freezing
   (You found it on level 8 of the Dungeon)
 R - a +3 long sword of chaos
   (You took it off a wight on level 6 of the Dungeon)
Missiles
 h - 48 poisoned darts
 i - 207 stones (quivered)
 j - 51 sling bullets
 l - a throwing net {=f, !d}
 u - 14 boomerangs
 A - 14 atropa-tipped darts
 D - 6 javelins
Armour
 v - a +1 helmet (worn)
   (You took it off Robin on level 3 of the Dungeon)
 K - a +0 buckler (worn)
   (You found it on level 5 of the Dungeon)
 L - a +0 pair of gloves (worn)
   (You found it on level 5 of the Dungeon)
 S - a scarf of resistance (worn)
   (You found it on level 6 of the Dungeon)
 V - a +0 troll leather armour (worn) {Purgy}
   (You found it on level 3 of the Dungeon)
Jewellery
 d - a ring of ice (left hand) {rC+, rF-}
   (You found it on level 1 of the Dungeon)
 e - an amulet of magic regeneration (around neck)
   (You found it on level 1 of the Dungeon)
 k - an uncursed ring of see invisible {sInv, !d}
   (You found it on level 6 of the Dungeon)
 o - an uncursed ring of protection from cold {rC+, !d}
   (You found it on level 2 of the Dungeon)
 z - an uncursed ring of protection from fire {rF+, !d}
   (You found it on level 5 of the Dungeon)
 M - a ring of magical power (right hand) {MP+9}
   (You found it in a sewer)
 P - a +5 ring of intelligence
   (You found it on level 6 of the Dungeon)
Wands
 r - a wand of polymorph (9)
   (You took it off Sigmund on level 2 of the Dungeon)
 I - a wand of flame (5)
   (You found it on level 5 of the Dungeon)
 J - a wand of iceblast (2)
   (You found it on level 5 of the Dungeon)
Scrolls
 g - 3 scrolls of immolation {!r}
 n - 3 scrolls of teleportation
 x - 2 scrolls of blinking {!r}
 F - 4 scrolls of holy word {!r}
 N - 2 scrolls of magic mapping {!r}
 O - 4 scrolls of fog
 T - a scroll of amnesia
 X - 4 scrolls of remove curse
Potions
 f - 4 potions of lignification {!q}
 m - 2 potions of haste
 p - 4 potions of cancellation
 q - 4 potions of brilliance
 s - a potion of mutation {!q}
 t - 5 potions of might
 w - 5 potions of stabbing
 B - 2 potions of curing
 C - 3 potions of ambrosia
 E - a potion of berserk rage {!q}
 H - 3 potions of heal wounds
 W - 2 potions of flight
Comestibles
 c - 9 rations


   Skills:
 + Level 5.5 Fighting
 + Level 5.5 Short Blades
 + Level 5.5 Long Blades
 + Level 5.5 Axes
 + Level 5.5 Maces & Flails
 + Level 5.5 Polearms
 + Level 5.5 Staves
 + Level 5.5 Slings
 + Level 5.5 Bows
 + Level 5.5 Crossbows
 + Level 5.5 Throwing
 + Level 5.5 Armour
 + Level 7.3 Dodging
 + Level 7.0 Stealth
 + Level 5.5 Shields
 + Level 5.5 Unarmed Combat
 + Level 7.6 Spellcasting
 + Level 4.6 Conjurations
 + Level 4.6 Hexes
 + Level 4.6 Charms
 + Level 4.6 Summonings
 + Level 4.6 Necromancy
 + Level 4.6 Translocations
 + Level 4.6 Transmutations
 + Level 4.6 Fire Magic
 + Level 8.6 Ice Magic
 + Level 4.6 Air Magic
 + Level 4.6 Earth Magic
 + Level 4.6 Poison Magic
 + Level 6.1 Invocations
 + Level 5.5 Evocations


You had 8 spell levels left.
You knew the following spells:

 Your Spells              Type           Power        Failure   Level  Hunger
a - Freeze                Ice            ####         1%          1    None
b - Airstrike             Air            ###.......   21%         4    ###....
h - Hailstorm             Conj/Ice       #####...     9%          4    ###....
i - Summon Ice Beast      Ice/Summ       #####...     9%          4    ###....
z - Frozen Ramparts       Ice            ######       1%          3    #......

Your spell library contained the following spells:

 Spells                   Type           Power        Failure   Level  Hunger
 Shock                    Conj/Air       ###.         1%          1    None
 Ozocubu's Armour         Chrm/Ice       #####...     2%          3    #......
 Swiftness                Chrm/Air       ###.....     3%          2    None
 Static Discharge         Conj/Air       ###.....     6%          3    #......
 Lightning Bolt           Conj/Air       ###.......   50%         5    #####..


Dungeon Overview and Level Annotations

Branches:
Dungeon (9/15)             Temple (1/1) D:6           Sewer (visited)
Ossuary (visited)
   Lair: D:8-11         Orc: D:9-12

Altars:
Ashenzari
Cheibriados
Dithmenos
Elyvilon
Fedhas
Gozag
Hepliaklqana
Kikubaaqudgha
Makhleb
Nemelex Xobeh
Okawaru
Qazlal
Ru
Sif Muna
Trog
Uskayaw
Vehumet
Wu Jian
Xom
Yredelemnul
Zin
The Shining One

Shops:
D:4 *   D:6 *   D:8 %

Annotations:
D:3 exclusion: oklob plant


Innate Abilities, Weirdness & Mutations

Your experience applies equally to all skills.
You have very sharp teeth.
Your uncanny sense of smell can sniff out nearby items.


Message History

The worker ant bites your ice beast.
Your ice beast is poisoned.
The worker ant poisons your ice beast!
Your ice beast barely misses the worker ant.
Something hits your ice beast.
Something completely misses your ice beast.
The gnoll sergeant hits you from afar with a +4 vampiric spear.
The worker ant bites your ice beast.
You take 5 damage, and have 60/73 hp.
You feel sick. The eye of draining gazes at you.
You feel your power leaking away.
You take 1 damage, and have 59/73 hp.
You now have 0/30 mp.
You feel sick. The gnoll misses your ice beast.
The eye of draining gazes at you.
You feel your power leaking away.
There is a stone staircase leading up here.
You take 1 damage, and have 59/73 hp.
Okay, then.
Okay, then.
Okay, then.
Okay, then.
Okay, then.
Okay, then.
An enormous slime creature splits.
The wyvern skeleton bites you.
You climb upwards.
There is a stone staircase leading down here.
You take 3 damage, and have 56/73 hp.
Unknown command.
Unknown command.
You feel sick.
The scorpion stings you but does no damage.
The large slime creature hits you but does no damage.
The scorpion stings you!
You are more poisoned.
The scorpion poisons you!
Two slime creatures merge to form an enormous slime creature.
You take 7 damage, and have 49/73 hp.
Unknown command.
You feel sick.
You feel sick.
You take 1 damage, and have 48/73 hp.
You feel a surge of power!
The walls around you are covered in icicles.
You feel sick.
The walls release a blast of icicles at the scorpion!
The scorpion stings you but does no damage.
The walls release a blast of icicles at the enormous slime creature!
The enormous slime creature is encased in ice.
You now have 0/30 mp.
Unknown command.
The walls release a blast of icicles at the scorpion!
You feel sick.
The walls release a blast of icicles at the scorpion!
The scorpion is encased in ice.
The walls release a blast of icicles at the enormous slime creature!
You take 1 damage, and have 48/73 hp.
You feel sick.
The enormous slime creature is no longer encased in ice.
The walls release a blast of icicles at the scorpion!
The walls release a blast of icicles at the enormous slime creature!
The enormous slime creature is encased in ice.
Aim: a scorpion (moderately wounded, encased in ice)
You feel a surge of power!
You freeze the scorpion.
The walls release a blast of icicles at the scorpion!
The scorpion stings you!
You take 9 damage, and have 39/73 hp.
You now have 1/30 mp.
You hit the scorpion but do no damage.
The scorpion is poisoned.
You feel sick.
You kill the scorpion!
Makhleb accepts your kill.
The walls release a blast of icicles at the enormous slime creature!
Aim: an enormous slime creature (severely wounded, encased in ice)
The mass of ice explodes!
The iceblast engulfs the enormous slime creature!
The sentinel's mark upon you fades away.
The walls release a blast of icicles at the enormous slime creature!
Unknown command.
You feel sick.
The enormous slime creature is no longer encased in ice.
The walls release a blast of icicles at the enormous slime creature!
The enormous slime creature is encased in ice.
You take 1 damage, and have 39/73 hp.
Okay, then.
You feel sick.
Unknown command.
Unknown command.
Aim: an enormous slime creature (severely wounded, encased in ice)
The mass of ice explodes!
The iceblast engulfs the enormous slime creature!!
The enormous slime creature is no longer encased in ice.
The walls release a blast of icicles at the enormous slime creature!
The enormous slime creature is encased in ice.
Unknown command.
Unknown command.
Aim: an enormous slime creature (almost dead, encased in ice)
You feel a surge of power!
You freeze the enormous slime creature.
The wall releases a blast of icicles at the enormous slime creature!
The enormous slime creature hits you!!!!
Ouch! That really hurt!
You die...

..##### #.# #.###......._....
..##..# #.# #.# #...#.......#
..##8.## #.# #.# ##.###.....##
.......###.######.# #...##...##.
.....#.#..........# #....##.##.^
....∩#.#.#.###########.......##..
.....#...........)..........###..
.....#...#.#..#.###.......#.# ###
.##.8#..).).#.#.@.#.......#.#
.##..#.#.)....#.#J######..#.#
.....#........#.#..†.....>..#
.##########.#.#.#################
..............#.#................
.##########.###.#.###############
.=# #.........#.# ########... #.#
#.###.#####.# #.......... #.#
#.#.......#.# ###.######.##


You could see an enormous slime creature.

Vanquished Creatures
  Harold (D:9)
  A hornet (D:9)
  Sigmund (D:2)
  2 wraiths (D:7)
  5 yaks (D:9)
  A hungry ghost (D:7)
  2 water moccasins
  An ice beast (D:6)
  Purgy (D:3)
  An orc warrior (D:7)
  A black bear (D:7)
  A necrophage (D:6)
  3 ogres
  A centaur (D:4)
  2 phantoms
  A bullfrog (D:7)
  4 scorpions
  4 killer bees (D:7)
  6 wights
  A howler monkey (D:9)
  3 crimson imps
  A bullfrog zombie (D:6)
  3 jellies
  5 centaur zombies
  2 hounds
  A quasit (D:8)
  3 human zombies (D:7)
  2 orc priests
  5 orc wizards
  A bullfrog skeleton (D:7)
  2 iguanas
  6 worker ants
  2 ogre zombies (Ossuary)
  4 hound skeletons
  7 mummies
  Robin (D:3)
  A howler monkey skeleton (D:9)
  5 gnolls
  7 adders
  2 river rats (Sewer)
  A shadow imp (D:6)
  An ooze (D:3)
  3 adder zombies
  5 adder skeletons
  2 worms
  2 dart slugs
  2 leopard geckos
  12 orcs
  14 bats
  5 giant cockroaches
  19 goblins
  7 hobgoblins
  6 jackals
  5 kobolds
  6 quokkas
  4 ball pythons
  13 frilled lizards
  A goblin zombie (Ossuary)
  6 hobgoblin zombies (Ossuary)
  A jackal skeleton (D:6)
  6 kobold zombies (Ossuary)
  An orc zombie (Ossuary)
  5 quokka zombies
  14 rats
  6 rat zombies
250 creatures vanquished.

Vanquished Creatures (collateral kills)
  A cyclops (D:8)
  A yak (D:9)
  A necrophage (D:7)
  A wight (D:7)
  A human zombie (D:7)
  A centaur zombie (Ossuary)
  2 orc priests (D:8)
  A mummy (Ossuary)
  2 orcs (D:6)
11 creatures vanquished.

Grand Total: 261 creatures vanquished

Notes
Turn   | Place    | Note
-------+----------+-------------------------------------------
     0 | D:1      | Charmandara the Gnoll Ice Elementalist began the quest for
                  | the Orb.
     0 | D:1      | Reached XP level 1. HP: 13/13 MP: 6/6
    76 | D:1      | Reached XP level 2. HP: 19/19 MP: 5/7
   643 | D:1      | Reached XP level 3. HP: 25/25 MP: 7/9
   713 | D:1      | Reached skill level 5 in Spellcasting
  1393 | D:2      | Reached skill level 1 in Invocations
  1465 | D:2      | Reached skill level 1 in Fighting
  1465 | D:2      | Reached skill level 1 in Short Blades
  1465 | D:2      | Reached skill level 1 in Long Blades
  1465 | D:2      | Reached skill level 1 in Axes
  1465 | D:2      | Reached skill level 1 in Maces & Flails
  1465 | D:2      | Reached skill level 1 in Polearms
  1465 | D:2      | Reached skill level 1 in Staves
  1465 | D:2      | Reached skill level 1 in Slings
  1465 | D:2      | Reached skill level 1 in Bows
  1465 | D:2      | Reached skill level 1 in Crossbows
  1465 | D:2      | Reached skill level 1 in Throwing
  1465 | D:2      | Reached skill level 1 in Armour
  1465 | D:2      | Reached skill level 1 in Shields
  1465 | D:2      | Reached skill level 1 in Unarmed Combat
  1465 | D:2      | Reached skill level 1 in Evocations
  1466 | D:2      | Reached XP level 4. HP: 29/32 MP: 8/11
  1485 | D:2      | Learned a level 3 spell: Frozen Ramparts
  1490 | D:2      | Learned a level 4 spell: Hailstorm
  1495 | D:2      | Learned a level 4 spell: Summon Ice Beast
  1725 | D:2      | HP: 8/32 [goblin/stone (3)]
  1733 | D:2      | HP: 8/32 [goblin (1)]
  2032 | D:2      | Noticed Sigmund
  2058 | D:2      | Killed Sigmund
  2058 | D:2      | Reached skill level 1 in Conjurations
  2058 | D:2      | Reached skill level 1 in Hexes
  2058 | D:2      | Reached skill level 1 in Charms
  2058 | D:2      | Reached skill level 1 in Summonings
  2058 | D:2      | Reached skill level 1 in Necromancy
  2058 | D:2      | Reached skill level 1 in Translocations
  2058 | D:2      | Reached skill level 1 in Transmutations
  2058 | D:2      | Reached skill level 1 in Fire Magic
  2058 | D:2      | Reached skill level 1 in Air Magic
  2058 | D:2      | Reached skill level 1 in Earth Magic
  2058 | D:2      | Reached skill level 1 in Poison Magic
  2058 | D:2      | Reached skill level 2 in Invocations
  2058 | D:2      | Reached XP level 5. HP: 26/38 MP: 6/12
  2058 | D:2      | Reached XP level 6. HP: 31/44 MP: 6/13
  2168 | D:2      | Found an ornate altar of the Wu Jian Council.
  2530 | D:3      | Found a burning altar of Makhleb.
  2617 | D:3      | Noticed Robin
  2631 | D:3      | Killed Robin
  2666 | D:3      | Found a sacrificial altar of Ru.
  2667 | D:3      | Found an iron altar of Okawaru.
  2700 | D:3      | Noticed Purgy
  2707 | D:3      | Killed Purgy
  2707 | D:3      | Reached skill level 2 in Fighting
  2707 | D:3      | Reached skill level 2 in Short Blades
  2707 | D:3      | Reached skill level 2 in Long Blades
  2707 | D:3      | Reached skill level 2 in Axes
  2707 | D:3      | Reached skill level 2 in Maces & Flails
  2707 | D:3      | Reached skill level 2 in Polearms
  2707 | D:3      | Reached skill level 2 in Staves
  2707 | D:3      | Reached skill level 2 in Slings
  2707 | D:3      | Reached skill level 2 in Bows
  2707 | D:3      | Reached skill level 2 in Crossbows
  2707 | D:3      | Reached skill level 2 in Throwing
  2707 | D:3      | Reached skill level 2 in Armour
  2707 | D:3      | Reached skill level 5 in Dodging
  2707 | D:3      | Reached skill level 2 in Shields
  2707 | D:3      | Reached skill level 2 in Unarmed Combat
  2707 | D:3      | Reached skill level 2 in Evocations
  2959 | D:3      | Found a glowing silver altar of Zin.
  2981 | D:3      | Found an ancient bone altar of Kikubaaqudgha.
  3195 | D:3      | Reached XP level 7. HP: 50/50 MP: 13/15
  3320 | D:3      | Found a blossoming altar of Fedhas.
  3341 | D:3      | Noticed an oklob plant
  3502 | D:4      | Found Syvuw's Assorted Antiques.
  3512 | D:4      | Bought a pink potion for 25 gold pieces
  3512 | D:4      | Bought a scroll labeled NIURIT USAZ for 28 gold pieces
  3512 | D:4      | Bought a pink potion for 25 gold pieces
  3512 | D:4      | Bought a fuming cyan potion for 25 gold pieces
  3512 | D:4      | Bought a scroll labeled LIEBET ASTRAMOUP for 28 gold pieces
  3542 | D:4      | Got a warped chain mail
  3919 | D:3      | Became a worshipper of Makhleb the Destroyer
  3946 | D:5      | Entered Level 5 of the Dungeon
  3953 | D:5      | Reached skill level 2 in Conjurations
  3953 | D:5      | Reached skill level 2 in Hexes
  3953 | D:5      | Reached skill level 2 in Charms
  3953 | D:5      | Reached skill level 2 in Summonings
  3953 | D:5      | Reached skill level 2 in Necromancy
  3953 | D:5      | Reached skill level 2 in Translocations
  3953 | D:5      | Reached skill level 2 in Transmutations
  3953 | D:5      | Reached skill level 2 in Fire Magic
  3953 | D:5      | Reached skill level 2 in Air Magic
  3953 | D:5      | Reached skill level 2 in Earth Magic
  3953 | D:5      | Reached skill level 2 in Poison Magic
  4202 | D:5      | Identified the cursed +0 chain mail of the Prince {MR+
                  | Str-4 Dex+4} (You found it on level 4 of the Dungeon)
  4304 | D:5      | Reached skill level 5 in Stealth
  4440 | D:5      | Reached skill level 3 in Invocations
  4930 | D:6      | Found Pibel's Assorted Antiques.
  4936 | D:6      | Reached XP level 8. HP: 55/57 MP: 9/16
  4938 | D:6      | Reached skill level 3 in Fighting
  4938 | D:6      | Reached skill level 3 in Short Blades
  4938 | D:6      | Reached skill level 3 in Long Blades
  4938 | D:6      | Reached skill level 3 in Axes
  4938 | D:6      | Reached skill level 3 in Maces & Flails
  4938 | D:6      | Reached skill level 3 in Polearms
  4938 | D:6      | Reached skill level 3 in Staves
  4938 | D:6      | Reached skill level 3 in Slings
  4938 | D:6      | Reached skill level 3 in Bows
  4938 | D:6      | Reached skill level 3 in Crossbows
  4938 | D:6      | Reached skill level 3 in Throwing
  4938 | D:6      | Reached skill level 3 in Armour
  4938 | D:6      | Reached skill level 3 in Shields
  4938 | D:6      | Reached skill level 3 in Unarmed Combat
  4938 | D:6      | Reached skill level 3 in Evocations
  4949 | D:6      | Bought a scroll labeled CEIK ZUOWAL for 32 gold pieces
  4949 | D:6      | Bought an inky potion for 28 gold pieces
  4986 | D:6      | Reached skill level 6 in Spellcasting
  5104 | D:6      | Found a staircase to the Ecumenical Temple.
  5114 | Temple   | Entered the Ecumenical Temple
  5250 | D:6      | Found a glowing drain.
  5255 | Sewer    | Entered a sewer
  5278 | Sewer    | Reached * piety under Makhleb
  5623 | D:6      | Noticed a brown ugly thing
  5623 | D:6      | Noticed a yak
  5809 | D:7      | Reached skill level 3 in Conjurations
  5809 | D:7      | Reached skill level 3 in Hexes
  5809 | D:7      | Reached skill level 3 in Charms
  5809 | D:7      | Reached skill level 3 in Summonings
  5809 | D:7      | Reached skill level 3 in Necromancy
  5809 | D:7      | Reached skill level 3 in Translocations
  5809 | D:7      | Reached skill level 3 in Transmutations
  5809 | D:7      | Reached skill level 3 in Fire Magic
  5809 | D:7      | Reached skill level 3 in Air Magic
  5809 | D:7      | Reached skill level 3 in Earth Magic
  5809 | D:7      | Reached skill level 3 in Poison Magic
  5809 | D:7      | Reached skill level 4 in Invocations
  5813 | D:7      | Reached skill level 6 in Dodging
  5813 | D:7      | Reached XP level 9. HP: 65/65 MP: 14/18
  5917 | D:7      | Found a hide-covered altar of Uskayaw.
  5925 | D:7      | Reached skill level 4 in Fighting
  5925 | D:7      | Reached skill level 4 in Short Blades
  5925 | D:7      | Reached skill level 4 in Long Blades
  5925 | D:7      | Reached skill level 4 in Axes
  5925 | D:7      | Reached skill level 4 in Maces & Flails
  5925 | D:7      | Reached skill level 4 in Polearms
  5925 | D:7      | Reached skill level 4 in Staves
  5925 | D:7      | Reached skill level 4 in Slings
  5925 | D:7      | Reached skill level 4 in Bows
  5925 | D:7      | Reached skill level 4 in Crossbows
  5925 | D:7      | Reached skill level 4 in Throwing
  5925 | D:7      | Reached skill level 4 in Armour
  5925 | D:7      | Reached skill level 4 in Shields
  5925 | D:7      | Reached skill level 4 in Unarmed Combat
  5925 | D:7      | Reached skill level 4 in Evocations
  5930 | D:7      | Reached ** piety under Makhleb
  6056 | D:7      | Reached skill level 6 in Stealth
  6056 | D:7      | Reached skill level 8 in Ice Magic
  6328 | D:7      | Found a basalt altar of Yredelemnul.
  6607 | D:7      | Found a sparkling altar of Nemelex Xobeh.
  6607 | D:7      | Found an opulent altar of Gozag.
  6676 | D:8      | Found a sand-covered staircase.
  6690 | D:8      | Reached skill level 5 in Invocations
  6700 | Ossuary  | Entered an ossuary
  6765 | Ossuary  | Reached *** piety under Makhleb
  7072 | D:8      | Found Geogg's Food Emporium.
  7089 | D:8      | Reached XP level 10. HP: 72/72 MP: 14/20
  7096 | D:8      | Reached skill level 7 in Spellcasting
  7118 | D:8      | Reached **** piety under Makhleb
  7175 | D:8      | Learned a level 4 spell: Airstrike
  7175 | D:8      | Noticed a cyclops
  7192 | D:8      | Killed a cyclops
  7192 | D:8      | Reached skill level 4 in Conjurations
  7192 | D:8      | Reached skill level 4 in Hexes
  7192 | D:8      | Reached skill level 4 in Charms
  7192 | D:8      | Reached skill level 4 in Summonings
  7192 | D:8      | Reached skill level 4 in Necromancy
  7192 | D:8      | Reached skill level 4 in Translocations
  7192 | D:8      | Reached skill level 4 in Transmutations
  7192 | D:8      | Reached skill level 4 in Fire Magic
  7192 | D:8      | Reached skill level 4 in Air Magic
  7192 | D:8      | Reached skill level 4 in Earth Magic
  7192 | D:8      | Reached skill level 4 in Poison Magic
  7253 | D:8      | Found a shadowy altar of Dithmenos.
  7703 | D:8      | Reached skill level 5 in Fighting
  7703 | D:8      | Reached skill level 5 in Short Blades
  7703 | D:8      | Reached skill level 5 in Long Blades
  7703 | D:8      | Reached skill level 5 in Axes
  7703 | D:8      | Reached skill level 5 in Maces & Flails
  7703 | D:8      | Reached skill level 5 in Polearms
  7703 | D:8      | Reached skill level 5 in Staves
  7703 | D:8      | Reached skill level 5 in Slings
  7703 | D:8      | Reached skill level 5 in Bows
  7703 | D:8      | Reached skill level 5 in Crossbows
  7703 | D:8      | Reached skill level 5 in Throwing
  7703 | D:8      | Reached skill level 5 in Armour
  7703 | D:8      | Reached skill level 5 in Shields
  7703 | D:8      | Reached skill level 5 in Unarmed Combat
  7703 | D:8      | Reached skill level 5 in Evocations
  8141 | D:9      | Noticed Harold
  8162 | D:9      | Reached skill level 7 in Dodging
  8165 | D:9      | Killed Harold
  8169 | D:9      | Reached skill level 6 in Invocations
  8171 | D:9      | Reached skill level 7 in Stealth
  8212 | D:8      | Annihilated by an enormous slime creature

Levels and vault maps discovered:
D:1:      wheals_arrival_shading, layout_basic, minmay_misc_feat_four_crosses,
          due_unseen_surprise
D:2:      layout_basic, marbit_many_paths, first_ration, serial_glass,
          glass_columns_c, glass_columns_b, item_on_display_a, uniq_sigmund
D:3:      layout_basic, lemuel_coloured_pillars_altar, tgw_fedhas,
          nicolae_overflow_hidden_temple, kiku_gazebo_garden_becter, uniq_robin,
          uniq_purgy
D:4:      layout_cave_pools, serial_shops, shop, nrook_loot_triangle,
          minmay_misc_feat_iff
D:5:      layout_loops_ring
D:6:      layout_gridville, minmay_temple_entry_statues, portal_sewer_entry_e,
          serial_shops, shop_fountains, lightli_corner_chamber
D:7:      layout_loops_ring, grunt_temple_overflow_opulence,
          nicolae_overflow_crystal_walls, lemuel_mausoleum_altar_yredelemnul
D:8:      layout_basic, lemuel_round_altar, enter_ossuary_4, serial_shops,
          shop_statue
D:9:      layout_cave_pools, gammafunk_ghost_hydra_chop, serial_shops,
          shop_fountains, uniq_harold
Temple:   eino_wide_crystal_templ

Skill      XL: |  1  2  3  4  5  6  7  8  9 10 |
---------------+-------------------------------+-----
Spellcasting   | 5 6 7 |  7.6
Invocations    | 1 2 3 4 5 6 |  6.1
Fighting       | 1 2 3 4 5 |  5.5
Short Blades   | 1 2 3 4 5 |  5.5
Long Blades    | 1 2 3 4 5 |  5.5
Axes           | 1 2 3 4 5 |  5.5
Maces & Flails | 1 2 3 4 5 |  5.5
Polearms       | 1 2 3 4 5 |  5.5
Staves         | 1 2 3 4 5 |  5.5
Slings         | 1 2 3 4 5 |  5.5
Bows           | 1 2 3 4 5 |  5.5
Crossbows      | 1 2 3 4 5 |  5.5
Throwing       | 1 2 3 4 5 |  5.5
Armour         | 1 2 3 4 5 |  5.5
Shields        | 1 2 3 4 5 |  5.5
Unarmed Combat | 1 2 3 4 5 |  5.5
Evocations     | 1 2 3 4 5 |  5.5
Conjurations   | 1 2 3 4 |  4.6
Hexes          | 1 2 3 4 |  4.6
Charms         | 1 2 3 4 |  4.6
Summonings     | 1 2 3 4 |  4.6
Necromancy     | 1 2 3 4 |  4.6
Translocations | 1 2 3 4 |  4.6
Transmutations | 1 2 3 4 |  4.6
Fire Magic     | 1 2 3 4 |  4.6
Air Magic      | 1 2 3 4 |  4.6
Earth Magic    | 1 2 3 4 |  4.6
Poison Magic   | 1 2 3 4 |  4.6
Dodging        | 5 6 7 |  7.3
Stealth        | 5 6 7 |  7.0
Ice Magic      | 8 |  8.6

Action                   |  1- 3 |  4- 6 |  7- 9 | 10-12 || total
-------------------------+-------+-------+-------+-------++-------
Melee: Dagger            |    37 |    41 |   303 |    70 ||   451
       Bite              |     1 |     3 |    43 |    13 ||    60
       Punch             |       |       |     1 |       ||     1
 Fire: Hunting sling     |       |       |       |    22 ||    22
 Cast: Freeze            |    22 |    26 |    32 |    14 ||    94
       Frozen Ramparts   |       |    11 |    30 |     9 ||    50
       Summon Ice Beast  |       |     1 |    18 |     3 ||    22
       Hailstorm         |       |       |     3 |     9 ||    12
       Airstrike         |       |       |       |     2 ||     2
Evoke: Wand              |       |       |    10 |     2 ||    12
  Use: Scroll            |       |       |    29 |     1 ||    30
       Potion            |       |       |     3 |     1 ||     4
 Stab: Sleeping          |     5 |     1 |    21 |       ||    27
       Distracted        |       |     1 |     1 |       ||     2
  Eat: Chunk             |     2 |     5 |    12 |     5 ||    24
       Ration            |       |       |     1 |       ||     1
Armor: Robe              |     6 |    10 |     2 |       ||    18
       Chain mail        |       |       |     7 |       ||     7
       Troll leather arm |       |       |    33 |    24 ||    57
Dodge: Dodged            |    38 |    27 |   140 |    72 ||   277
Block: Buckler           |       |       |    49 |    26 ||    75

Table legend:
 A = Non-vault XP
 B = Vault XP
 C = Vault XP percentage of total XP
 D = Non-vault monster count
 E = Vault monster count
 F = Vault count percentage of total count
                 A         B        C        D         E       F
            +---------+---------+-------+---------+---------+-------
      Total |    6179 |    2445 |  28.4 |     177 |      84 |  32.2
            +---------+---------+-------+---------+---------+-------
        D:1 |      45 |       0 |   0.0 |      29 |       0 |   0.0
        D:2 |      68 |     232 |  77.3 |      17 |       2 |  10.5
        D:3 |     155 |     151 |  49.3 |      29 |      13 |  31.0
        D:4 |     161 |       0 |   0.0 |       8 |       0 |   0.0
        D:5 |     324 |       0 |   0.0 |       9 |       0 |   0.0
        D:6 |     968 |       0 |   0.0 |      26 |       0 |   0.0
        D:7 |    1268 |     723 |  36.3 |      22 |      12 |  35.3
        D:8 |    1466 |       2 |   0.1 |      22 |       2 |   8.3
        D:9 |    1724 |     942 |  35.3 |      15 |       1 |   6.2
      Sewer |       0 |      54 | 100.0 |       0 |      17 | 100.0
    Ossuary |       0 |     341 | 100.0 |       0 |      37 | 100.0
            +---------+---------+-------+---------+---------+-------

Levels and vault maps discovered:
D:1:      wheals_arrival_shading, layout_basic, minmay_misc_feat_four_crosses,
          due_unseen_surprise
D:2:      layout_basic, marbit_many_paths, first_ration, serial_glass,
          glass_columns_c, glass_columns_b, item_on_display_a, uniq_sigmund
D:3:      layout_basic, lemuel_coloured_pillars_altar, tgw_fedhas,
          nicolae_overflow_hidden_temple, kiku_gazebo_garden_becter, uniq_robin,
          uniq_purgy
D:4:      layout_cave_pools, serial_shops, shop, nrook_loot_triangle,
          minmay_misc_feat_iff
D:5:      layout_loops_ring
D:6:      layout_gridville, minmay_temple_entry_statues, portal_sewer_entry_e,
          serial_shops, shop_fountains, lightli_corner_chamber
D:7:      layout_loops_ring, grunt_temple_overflow_opulence,
          nicolae_overflow_crystal_walls, lemuel_mausoleum_altar_yredelemnul
D:8:      layout_basic, lemuel_round_altar, enter_ossuary_4, serial_shops,
          shop_statue
D:9:      layout_cave_pools, gammafunk_ghost_hydra_chop, serial_shops,
          shop_fountains, uniq_harold
Temple:   eino_wide_crystal_templ

Table legend:
 A = Turns spent in this place as a percentage of turns spent in the entire game.
 B = Non-inter-level travel turns spent in this place as a percentage of non-inter-level travel turns spent in the entire game.
 C = Inter-level travel turns spent in this place as a percentage of turns spent in this place.
 D = Turns resting spent in this place as a percentage of non-inter-level travel turns spent in this place.
 E = Turns spent auto-exploring this place as a percentage of non-inter-level travel turns spent in this place.
 F = Non-inter-level travel turns spent in this place divided by the number of levels of this place that you've seen.
                   A       B       C       D       E      F
               +-------+-------+-------+-------+-------+----------------------
         Total | 100.0 | 100.0 |   5.3 |   9.1 |  62.4 | 648.3
       Dungeon |  90.9 |  90.5 |   5.6 |   9.8 |  63.3 | 782.7
        Temple |   0.7 |   0.6 |  20.0 |   0.0 |  95.8 |  48.0
         Sewer |   3.9 |   4.1 |   0.0 |   6.2 |  57.5 | 322.0
       Ossuary |   4.5 |   4.7 |   0.0 |   0.0 |  45.6 | 366.0
               +-------+-------+-------+-------+-------+----------------------

Table legend:
 A = Kills in this place as a percentage of kills in entire the game.
 B = Kills by you in this place as a percentage of kills by you in the entire game.
 C = Kills by friends in this place as a percentage of kills by friends in the entire game.
 D = Other kills in this place as a percentage of other kills in the entire game.
 E = Experience gained in this place as a percentage of experience gained in the entire game.
 F = Experience gained in this place divided by the number of levels of this place that you have seen.
                   A       B       C       D       E      F
               +-------+-------+-------+-------+-------+----------------------
         Total | 100.0 | 100.0 | 100.0 |   N/A | 100.0 | 718.7
       Dungeon |  79.3 |  79.2 |  81.8 |   N/A |  95.4 | 914.3
         Sewer |   6.5 |   6.8 |   0.0 |   N/A |   0.6 |  54.0
       Ossuary |  14.2 |  14.0 |  18.2 |   N/A |   4.0 | 341.0
               +-------+-------+-------+-------+-------+----------------------
